 Dungeon Crawl Stone Soup version 0.22-a0-776-ge6d7efa (webtiles) character file.

3508 Gildeon the Carver (level 10, -13/74 HPs)
             Began as a Human Fighter on July 18, 2018.
             Was a Follower of Makhleb.
             Mangled by a two-headed ogre
             ... wielding a +0 giant club
              (14 damage)
             ... on level 8 of the Dungeon.
             The game lasted 00:31:34 (9622 turns).

Gildeon the Carver (Human Fighter)                  Turns: 9622, Time: 00:31:34

Health: -13/74     AC: 18    Str: 17    XL:     10   Next: 28%
Magic:  13/13      EV:  5    Int: 12    God:    Makhleb [*.....]
Gold:   380        SH: 10    Dex: 15    Spells: 5/12 levels left

rFire    . . .     SeeInvis .   a - +0 long sword
rCold    . . .     Gourm    .   c - +0 shield
rNeg     . . .     Faith    .   k - +1 plate armour
rPois    .         Spirit   .   q - +1 helmet
rElec    .         Reflect  .   (no cloak)
rCorr    .         Harm     .   (no gloves)
MR       ++...                  l - +0 pair of boots
Stlth    ..........             (no amulet)
HPRegen  0.22/turn              g - +3 ring of dexterity
MPRegen  0.13/turn              h - ring of protection from magic

@: studying Air Magic
A: yellow scales 1, magic resistance 1
a: Renounce Religion


You were on level 8 of the Dungeon.
You worshipped Makhleb.
Makhleb was aware of your devotion.
You were not hungry.

You visited 2 branches of the dungeon, and saw 9 of its levels.

You collected 380 gold pieces.

Inventory:

Hand Weapons
 a - a +0 long sword (weapon)
 t - the +4 dagger "Beetlebane" {protect, *Rage Str+5 Int+4}
   (You found it on level 4 of the Dungeon)

   It protects the one who uses it against injury (+AC on strike).
   It affects your strength (+5).
   It affects your intelligence (+4).
   It may make you go berserk in combat.
Armour
 c - a +0 shield (worn)
 k - a +1 plate armour (worn)
 l - a +0 pair of boots (worn)
 q - a +1 helmet (worn)
Jewellery
 g - a +3 ring of dexterity (left hand)
 h - a ring of protection from magic (right hand)
 j - an uncursed ring of flight
Wands
 r - a wand of clouds (4)
 w - a wand of iceblast (7)
 z - a wand of paralysis (15)
 B - a wand of flame (22)
Scrolls
 o - 3 scrolls of teleportation
 s - 5 scrolls of fear
Potions
 d - a potion of cancellation
 e - 3 potions of curing
 i - 3 potions of brilliance
 p - a potion of invisibility {unknown}
 u - 2 potions of degeneration {unknown}
Books
 b - a manual of Air Magic
Comestibles
 f - 2 rations


   Skills:
 - Level 5.0 Fighting
 * Level 8.5 Long Blades
 - Level 5.0 Armour
 - Level 5.0 Dodging
 + Level 6.4 Shields
 + Level 1.5 Spellcasting
 + Level 4.0 Invocations
 + Level 3.9 Evocations


You had 5 spell levels left.
You knew the following spells:

 Your Spells              Type           Power        Failure   Level  Hunger
a - Apportation           Tloc           #.....       100%        1    ##.....
b - Swiftness             Chrm/Air       #.......     100%        2    ###....
c - Shock                 Conj/Air       #...         100%        1    ##.....
d - Static Discharge      Conj/Air       #.......     100%        3    ####...

Your spell library contained the following spells:

 Spells                   Type           Power        Failure   Level  Hunger
 Lightning Bolt           Conj/Air       #.........   100%        5    ######.
 Summon Small Mammal      Summ           #...         100%        1    ##.....
 Animate Skeleton         Necr           N/A          100%        1    ##.....
 Airstrike                Air            #.........   100%        4    #####..
 Confusing Touch          Hex            #.....       100%        1    ##.....


Dungeon Overview and Level Annotations

Branches:
Dungeon (8/15)             Temple (1/1) D:4
   Lair: D:8-11

Altars:
Ashenzari
Dithmenos
Elyvilon
Fedhas
Gozag
Hepliaklqana
Kikubaaqudgha
Makhleb
Nemelex Xobeh
Okawaru
Qazlal
Ru
Trog
Uskayaw
Vehumet
Wu Jian
Xom
Yredelemnul
Zin
The Shining One


Innate Abilities, Weirdness & Mutations

You are partially covered in yellow scales. (AC +2)
You are resistant to hostile enchantments. (MR+)


Message History

The two-headed ogre completely misses you.
Your plate armour prevents you from hitting the two-headed ogre.
The two-headed ogre is moderately wounded.
The two-headed ogre hits you with a giant club! x2
You hit the two-headed ogre but do no damage.
The two-headed ogre is moderately wounded.
You hit the two-headed ogre.
The two-headed ogre is heavily wounded.
The two-headed ogre hits you with a giant club!
The two-headed ogre hits you but does no damage.
You slash the two-headed ogre!
The two-headed ogre is severely wounded.
The two-headed ogre hits you with a giant club!
* * * LOW HITPOINT WARNING * * *
The two-headed ogre hits you with a giant club!
* * * LOW HITPOINT WARNING * * *
You slash the two-headed ogre!
The two-headed ogre is almost dead.
The two-headed ogre hits you with a giant club!
You die...

..................
..................
..................
........<......... #
####........########..
#........#.........
#........#.<.......
#........#O........
#........@รท........
#........#.........
#........#.........
#>.......#...##..##
#........###'# ..#
#........# .% ...
#........# ... ..
#........# ....
#........#


You could see a two-headed ogre.

Vanquished Creatures
  Pikel (D:7)
  A hippogriff (D:8)
  Prince Ribbit (D:7)
  Sigmund (D:4)
  A water moccasin (D:7)
  Duvessa (D:7)
  An orc warrior (D:6)
  A black bear (D:7)
  2 slaves (D:7)
  3 sky beasts
  An ice beast (D:7)
  5 ogres
  A centaur (D:6)
  2 bullfrogs (D:7)
  A wyvern zombie (D:6)
  Dowan (D:7)
  5 killer bees (D:7)
  A howler monkey (D:4)
  A crimson imp (D:6)
  An orc priest (D:5)
  6 hounds
  5 orc wizards
  An iguana (D:3)
  2 worker ants
  A hound skeleton (D:4)
  10 gnolls (D:3)
  A howler monkey skeleton (D:7)
  9 adders
  An adder skeleton (D:5)
  An adder zombie (D:7)
  4 worms
  3 dart slugs
  6 leopard geckos
  14 orcs
  4 giant cockroaches
  10 goblins
  6 hobgoblins
  12 jackals
  7 kobolds
  3 quokkas
  2 ball pythons
  4 bats
  5 frilled lizards
  A leopard gecko zombie (D:5)
  8 rats
158 creatures vanquished.

Vanquished Creatures (others)
  An orc priest (D:7)
  2 fungi (D:8)
  A plant (D:8)
4 creatures vanquished.

Grand Total: 162 creatures vanquished

Notes
Turn   | Place    | Note
-------+----------+-------------------------------------------
     0 | D:1      | Gildeon the Human Fighter began the quest for the Orb.
     0 | D:1      | Reached XP level 1. HP: 18/18 MP: 1/1
   132 | D:1      | Reached XP level 2. HP: 14/24 MP: 2/2
   861 | D:2      | Reached XP level 3. HP: 22/29 MP: 3/3
  1009 | D:2      | Reached skill level 1 in Dodging
  1291 | D:2      | Reached XP level 4. HP: 35/35 MP: 4/4
  1637 | D:3      | Found a shimmering altar of Xom.
  1658 | D:3      | Reached skill level 3 in Long Blades
  1658 | D:3      | Reached XP level 5. HP: 24/41 MP: 5/5
  1894 | D:3      | HP: 1/41 [iguana (5)]
  2332 | D:3      | Reached XP level 6. HP: 48/48 MP: 6/6
  2564 | D:3      | Reached skill level 4 in Long Blades
  2788 | D:3      | Found a burning altar of Makhleb.
  2832 | D:3      | Became a worshipper of Makhleb the Destroyer
  3088 | D:4      | Noticed Sigmund
  3135 | D:4      | Killed Sigmund
  3135 | D:4      | Reached XP level 7. HP: 53/54 MP: 7/7
  3335 | D:4      | Got a translucent dagger
  3336 | D:4      | Identified the +4 dagger "Beetlebane" {protect, *Rage Str+5 Int+4} (You found it on level 4 of the Dungeon)
  3388 | D:4      | Found an iron altar of Okawaru.
  3419 | D:4      | Found a staircase to the Ecumenical Temple.
  3426 | Temple   | Entered the Ecumenical Temple
  3785 | D:4      | Found a burning altar of Makhleb.
  3940 | D:4      | Reached skill level 5 in Long Blades
  4244 | D:4      | Found a glowing silver altar of Zin.
  4252 | D:4      | Found a glowing golden altar of the Shining One.
  4364 | D:5      | Entered Level 5 of the Dungeon
  4427 | D:5      | Learned a level 1 spell: Apportation
  4498 | D:5      | Reached XP level 8. HP: 21/61 MP: 8/8
  4783 | D:5      | Found a shadowy altar of Dithmenos.
  5283 | D:5      | Found a bloodstained altar of Trog.
  5287 | D:5      | Found a shattered altar of Ashenzari.
  5296 | D:5      | Found an opulent altar of Gozag.
  5298 | D:5      | Found a sparkling altar of Nemelex Xobeh.
  5305 | D:5      | Found a shimmering altar of Xom.
  5447 | D:5      | Gained mutation: You are partially covered in yellow scales. (AC +2) [potion of mutation]
  5447 | D:5      | Gained mutation: You are resistant to hostile enchantments. (MR+) [potion of mutation]
  5467 | D:6      | Identified a scroll of acquirement
  5651 | D:6      | Reached skill level 6 in Long Blades
  5656 | D:6      | Reached skill level 5 in Armour
  5940 | D:6      | Reached skill level 5 in Shields
  5959 | D:6      | Learned a level 2 spell: Swiftness
  5961 | D:6      | Learned a level 1 spell: Shock
  5965 | D:6      | Learned a level 3 spell: Static Discharge
  6041 | D:6      | Reached skill level 5 in Fighting
  6414 | D:6      | Reached skill level 1 in Evocations
  6938 | D:7      | Reached XP level 9. HP: 60/68 MP: 9/9
  6983 | D:7      | Reached skill level 1 in Invocations
  7084 | D:7      | Reached * piety under Makhleb
  7470 | D:7      | Found a hazy altar of Hepliaklqana.
  7508 | D:7      | Reached skill level 7 in Long Blades
  7809 | D:7      | Found a radiant altar of Vehumet.
  7827 | D:7      | Found a white marble altar of Elyvilon.
  7846 | D:7      | Noticed Duvessa
  7846 | D:7      | Noticed Dowan
  7879 | D:7      | Killed Duvessa
  7925 | D:7      | Killed Dowan
  7986 | D:7      | Noticed Prince Ribbit
  8290 | D:7      | Noticed Pikel
  8356 | D:7      | Killed Pikel
  8356 | D:7      | Reached skill level 5 in Dodging
  8356 | D:7      | Reached XP level 10. HP: 35/74 MP: 12/12
  8402 | D:7      | Killed Prince Ribbit
  8402 | D:7      | Reached skill level 8 in Long Blades
  8705 | D:7      | Found a sacrificial altar of Ru.
  8957 | D:7      | Reached skill level 1 in Spellcasting
  9318 | D:8      | Noticed a two-headed ogre
  9621 | D:8      | HP: 1/74 [two-headed ogre/giant club (13)]
  9622 | D:8      | Mangled by a two-headed ogre

Vault maps used:
D:1:      matt_arrival_refuge, minivault_26, hangedman_decor_peaks_small,
          serial_bayou_pond_d, minivault_19
D:3:      nicolae_overflow_crystal_walls, first_ration, xom_teletrap_fun
D:4:      lemuel_round_altar, amethyst_overflow_temple_binary,
          minmay_temple_entry_butterflies, makhleb_heckhound_becter,
          uniq_sigmund
D:5:      nicolae_dithmenos_through_a_glass_darkly,
          minmay_overflow_temple_star_hex
D:7:      lemuel_coloured_pillars_altar, hangedman_feature_mirror,
          vehumet_altar_wand_db, uniq_prince_ribbit1, uniq_pikel, uniq_duvessa
D:8:      lemuel_crystal_altar, led_sif_book, grunt_lair_entry_orc_guard_hut
Temple:   compressed_dpeg_triangle_lava_temple

Skill      XL: |  1  2  3  4  5  6  7  8  9 10 |
---------------+-------------------------------+-----
Dodging        | 1 2 3 5 |  5.0
Long Blades    | 3 4 5 6 7 8 |  8.5
Fighting       | 4 5 |  5.0
Armour         | 4 5 |  5.0
Shields        | 4 5 6 |  6.4
Evocations     | 1 3 |  3.9
Invocations    | 3 4 |  4.0
Spellcasting   | 1 |  1.5

Action                   |  1- 3 |  4- 6 |  7- 9 | 10-12 || total
-------------------------+-------+-------+-------+-------++-------
Melee: Long sword        |   124 |   215 |   666 |   141 ||  1146
Evoke: Wand              |       |       |     9 |       ||     9
  Use: Scroll            |     4 |     3 |    12 |       ||    19
       Potion            |       |     3 |     8 |     1 ||    12
  Eat: Chunk             |     1 |     3 |     6 |       ||    10
       Ration            |       |     1 |     4 |     1 ||     6
Armor: Scale mail        |    49 |       |       |       ||    49
       Plate armour      |     9 |   188 |   391 |   122 ||   710
Dodge: Dodged            |    33 |    38 |    99 |    24 ||   194
Block: Shield            |    85 |   119 |   351 |    87 ||   642
       Rpst.: Long sword |     9 |     7 |    37 |     6 ||    59

Table legend:
 A = Spawn XP
 B = Non-spawn XP
 C = Spawn XP percentage of total XP
 D = Spawn monster count
 E = Non-spawn monster count
 F = Spawn count percentage of total count
 G = Total turns spent on level
                    A         B        C        D         E        F      G
               +---------+---------+-------+---------+---------+-------+---------
         Total |       0 |    5012 |   0.0 |       0 |     156 |   0.0 |  9622
               +---------+---------+-------+---------+---------+-------+---------
           D:1 |       0 |      24 |   0.0 |       0 |      15 |   0.0 |   787
           D:2 |       0 |      85 |   0.0 |       0 |      25 |   0.0 |  1331
           D:3 |       0 |     314 |   0.0 |       0 |      34 |   0.0 |   946
           D:4 |       0 |     538 |   0.0 |       0 |      16 |   0.0 |  1096
           D:5 |       0 |     575 |   0.0 |       0 |      17 |   0.0 |  1101
           D:6 |       0 |     440 |   0.0 |       0 |      11 |   0.0 |  1446
           D:7 |       0 |    2732 |   0.0 |       0 |      36 |   0.0 |  2600
           D:8 |       0 |     304 |   0.0 |       0 |       2 |   0.0 |   111
               +---------+---------+-------+---------+---------+-------+---------
